 Dungeon Crawl Stone Soup version 0.21-a0-372-gd0ff781 (webtiles) character file.

2438 4thArraOfDagon the Fighter (level 9, -2/67 (68) HPs)
             Began as a Halfling Wanderer on Oct 16, 2017.
             Was an Initiate of Gozag.
             Splashed by a jelly's acid (10 damage)
             ... on level 7 of the Dungeon.
             The game lasted 00:16:40 (5516 turns).

4thArraOfDagon the Fighter (Halfling Wanderer)      Turns: 5516, Time: 00:16:41

HP:   -2/67 (68)    AC:  1    Str: 12    XL:     9   Next: 77%
MP:   9/9           EV: 18    Int: 23    God:    Gozag
Gold: 316           SH:  0    Dex: 12    Spells: 8/8 levels left

rFire    + . .     SeeInvis .   h - +4 quarterstaff (chaos)
rCold    . . .     Gourm    .   (shield currently unavailable)
rNeg     + . .     Faith    .   H - +2 leather armour "Heibauw" {rF+ rN+ Str-2 Int+5}
rPois    .         Spirit   .   E - +1 helmet
rElec    .         Reflect  .   u - +0 cloak
rCorr    .         Harm     .   v - +0 pair of gloves
MR       +....                  (no boots)
Stlth    +.........             (no amulet)
HPRegen  0.21/turn              g - +4 ring of intelligence
MPRegen  0.11/turn              t - ring of protection from magic

@: corroded
A: mutation resistance 1
a: Potion Petition, Call Merchant, Bribe Branch, Renounce Religion


You were on level 7 of the Dungeon.
You worshipped Gozag.
Gozag was aware of your devotion.
You were not hungry.

You visited 1 branch of the dungeon, and saw 7 of its levels.

You collected 1062 gold pieces.
You paid 746 gold pieces to Gozag.

Inventory:

Hand Weapons
 a - a +3 mace
 b - a +0 hand axe
 h - a +4 quarterstaff of chaos (weapon)
 m - a +0 dagger
 p - a +1 mace of holy wrath
 r - a +0 rapier
Missiles
 e - 5 tomahawks of returning (quivered)
 f - 141 stones
 i - 41 sling bullets
Armour
 c - a +0 ring mail
 u - a +0 cloak (worn)
 v - a +0 pair of gloves (worn)
 E - a +1 helmet (worn)
 H - the +2 leather armour "Heibauw" (worn) {rF+ rN+ Str-2 Int+5}
   (You found it on level 6 of the Dungeon)

   It affects your strength (-2).
   It affects your intelligence (+5).
   It protects you from fire.
   It protects you from negative energy.
Jewellery
 g - a +4 ring of intelligence (left hand)
 t - a ring of protection from magic (right hand)
Wands
 x - a wand of flame (0/48)
 D - a wand of flame (0/48)
Scrolls
 n - a scroll of enchant weapon
 w - 2 scrolls of remove curse
Potions
 j - a potion of curing
 k - a potion of resistance
 o - 2 potions of ambrosia {unknown}
 z - a potion of cancellation {unknown}
 B - a potion of heal wounds
 C - 2 potions of flight
 G - 2 potions of lignification {unknown}
 I - a potion of agility
Books
 y - a book of Changes

   Spells                             Type                      Level
   a - Beastly Appendage              Transmutation                1
   b - Sticks to Snakes               Transmutation                2
   c - Spider Form                    Transmutation/Poison         3
   d - Ice Form                       Ice/Transmutation            4
   e - Blade Hands                    Transmutation                5
Comestibles
 d - 2 bread rations


   Skills:
 + Level 9.2 Fighting
 - Level 1.7 Maces & Flails
   Level 2.1 Bows
 - Level 3.2 Armour
 - Level 8.1 Dodging
 - Level 1.1 Stealth
 - Level 1.0 Evocations


You had 8 spell levels left.
You didn't know any spells.

Dungeon Overview and Level Annotations

Branches:
Dungeon (7/15)             Temple (0/1) D:5

Altars:
Ashenzari
Dithmenos
Elyvilon
Gozag
Makhleb
Nemelex Xobeh
Okawaru
Ru
Sif Muna
Trog
The Shining One

Shops:
D:6 =


Innate Abilities, Weirdness & Mutations

You are small and have problems with some larger weapons.
You are somewhat resistant to further mutation.


Message History

The jelly closely misses you.
Unknown command.
Unknown command.
Unknown command.
You hit the jelly. The acid corrodes you!
Your hands burn!
* * * LOW HITPOINT WARNING * * *
The jelly is almost dead.
The jelly completely misses you. The jelly closely misses you.
Unknown command.
Unknown command.
Unknown command.
Unknown command.
You hit the jelly but do no damage. The acid corrodes you!
Your hands burn!
* * * LOW HITPOINT WARNING * * *
The jelly is almost dead.
The jelly hits you.
* * * LOW HITPOINT WARNING * * *
You are splashed with acid!
The acid burns!
You die...
Your body crumbles into a pile of gold.

##.##.##.##.#.## ##
#...#.##.#.....) ..
#..(.....#..#.## #.
#####.....##....#.##
#.###..#####..##(.......
#.#.......##...))...####
#.#.#..##.##.######.#
#>#.#........# #...#
#.....#@###### #...#
###.###J# #...#
........# #.# #...#
######### #5# #...#
#.......# #.ยง.#
#...###.#.... .....
...5.. .J. .. ..#.. $
#.. ..... .##


You could see a jelly (berserk) and a crimson imp.

Vanquished Creatures
  Grinder (D:6)
  Prince Ribbit (D:6)
  The ghost of p0werm0de the Sneak, an amateur OpEn (D:4)
  Sigmund (D:6)
  A sky beast (D:4)
  A phantom (D:6)
  A necrophage (D:7)
  5 ogres
  A big kobold (D:7)
  A wyvern zombie (D:6)
  3 killer bees
  A crimson imp (D:7)
  4 hounds
  3 orc priests
  A bullfrog skeleton (D:5)
  A centaur zombie (D:4)
  Crazy Yiuf (D:6)
  An orc wizard (D:4)
  Terence (D:3)
  2 iguanas
  Natasha (D:3)
  2 worker ants (D:4)
  A hound skeleton (D:7)
  7 gnolls
  8 adders
  2 shadow imps
  An ooze (D:4)
  3 worms
  2 dart slugs
  5 leopard geckos
  7 orcs
  4 giant cockroaches
  11 goblins
  6 hobgoblins
  8 jackals
  12 kobolds
  A quokka (D:3)
  3 ball pythons
  6 bats
  4 frilled lizards
  A quokka skeleton (D:4)
  10 rats
137 creatures vanquished.

Notes
Turn   | Place    | Note
-------+----------+-------------------------------------------
     0 | D:1      | 4thArraOfDagon the Halfling Wanderer began the quest for the Orb.
     0 | D:1      | 4thArraOfDagon set off with: a +2 mace, a +0 hand axe, a +0 ring mail, a bread ration
     0 | D:1      | Reached XP level 1. HP: 13/13 MP: 1/1
     0 | D:1      | the ring!
   131 | D:1      | Reached skill level 1 in Dodging
   131 | D:1      | Reached XP level 2. HP: 18/18 MP: 2/2
   208 | D:1      | Reached skill level 2 in Fighting
   208 | D:1      | Reached XP level 3. HP: 21/24 MP: 3/3
   398 | D:2      | Found an opulent altar of Gozag.
   435 | D:2      | Reached XP level 4. HP: 17/30 MP: 4/4
   454 | D:2      | Became a worshipper of Gozag Ym Sagoz the Greedy
  1281 | D:2      | Reached XP level 5. HP: 23/36 MP: 5/5
  1374 | D:2      | Found a sacrificial altar of Ru.
  1391 | D:2      | Reached skill level 3 in Fighting
  1789 | D:3      | Noticed Terence
  1812 | D:3      | Killed Terence
  2243 | D:3      | Found a white marble altar of Elyvilon.
  2243 | D:3      | Found a sparkling altar of Nemelex Xobeh.
  2248 | D:3      | Found a bloodstained altar of Trog.
  2250 | D:3      | Found a shattered altar of Ashenzari.
  2252 | D:3      | Found a shadowy altar of Dithmenos.
  2438 | D:3      | Found an iron altar of Okawaru.
  2485 | D:4      | Noticed Natasha
  2529 | D:4      | Noticed an ogre
  2538 | D:3      | Killed Natasha
  2538 | D:3      | Reached XP level 6. HP: 28/42 MP: 6/6
  2668 | D:4      | Noticed an ogre
  2673 | D:4      | Killed an ogre
  2673 | D:4      | Reached skill level 4 in Fighting
  2688 | D:4      | Killed an ogre
  2688 | D:4      | Reached XP level 7. HP: 48/48 MP: 7/7
  2698 | D:4      | Reached skill level 5 in Dodging
  2738 | D:4      | Found a deep blue altar of Sif Muna.
  2750 | D:4      | Noticed p0werm0de's ghost (amateur OpEn)
  2765 | D:4      | Killed p0werm0de's ghost
  2765 | D:4      | Reached skill level 5 in Fighting
  3185 | D:4      | Reached XP level 8. HP: 34/55 MP: 8/8
  3593 | D:5      | Entered Level 5 of the Dungeon
  3644 | D:5      | Found a staircase to the Ecumenical Temple.
  3701 | D:5      | Reached skill level 6 in Fighting
  3988 | D:5      | Found a burning altar of Makhleb.
  3989 | D:5      | Found a glowing golden altar of the Shining One.
  4178 | D:6      | Noticed Sigmund
  4189 | D:6      | Killed Sigmund
  4439 | D:6      | Reached XP level 9. HP: 63/63 MP: 9/9
  4447 | D:6      | Noticed Grinder
  4458 | D:6      | Killed Grinder
  4458 | D:6      | Reached skill level 7 in Fighting
  4699 | D:6      | Noticed Prince Ribbit
  4706 | D:6      | Killed Prince Ribbit
  4706 | D:6      | Reached skill level 8 in Fighting
  4787 | D:6      | Got a brightly glowing leather armour
  4798 | D:6      | Identified the +2 leather armour "Heibauw" {rF+ rN+ Str-2 Int+5} (You found it on level 6 of the Dungeon)
  4962 | D:5      | HP: 3/66 [killer bee (2)]
  5220 | D:6      | Found a runed door.
  5224 | D:6      | Noticed Crazy Yiuf
  5228 | D:6      | Killed Crazy Yiuf
  5438 | D:7      | Reached skill level 9 in Fighting
  5516 | D:7      | Splashed by a jelly's acid

Vault maps used:
D:1:      sevenhm_arrival_forest_fort_large_2, interstate_on_off
D:2:      lemuel_round_altar, nicolae_ru_awakened_eye
D:3:      chequers_temple_overflow_minitemple, old_standard_altar, uniq_terence
D:4:      led_sif_pool, first_bread, uniq_natasha
D:5:      chequers_temple_overflow_statue_of_worship,
          minmay_temple_entry_statues_pillars, minmay_misc_feat_chi
D:6:      uniq_sigmund, uniq_grinder, uniq_prince_ribbit1,
          uniq_crazy_yiuf_cottage
D:7:      minmay_cornered_nines, the_bakery, uniq_duvessa

Skill      XL: |  1  2  3  4  5  6  7  8  9 |
---------------+----------------------------+-----
Dodging        | 1 2 3 4 6 8 |  8.1
Fighting       | 2 3 4 5 6 9 |  9.2
Maces & Flails | |  1.7
Bows           | |  2.1
Armour         | |  3.2
Stealth        | |  1.1
Evocations     | |  1.0

Action                   |  1- 3 |  4- 6 |  7- 9 || total
-------------------------+-------+-------+-------++-------
Melee: Mace              |    76 |   204 |   156 ||   436
       Quarterstaff      |       |       |    75 ||    75
Invok: Potion Petition   |       |     1 |       ||     1
       Call Merchant     |       |       |     1 ||     1
Evoke: Wand              |       |    10 |    41 ||    51
  Use: Scroll            |       |     1 |    13 ||    14
       Potion            |       |       |     2 ||     2
 Stab: Distracted        |       |     1 |       ||     1
  Eat: Bread ration      |       |     1 |       ||     1
       Fruit             |       |     2 |       ||     2
       Royal jelly       |       |     1 |     2 ||     3
       Meat ration       |       |       |     1 ||     1
Armor: Ring mail         |    30 |    60 |    39 ||   129
       Leather armour    |       |       |    30 ||    30
Dodge: Dodged            |    45 |   153 |   254 ||   452

Table legend:
 A = Spawn XP
 B = Non-spawn XP
 C = Spawn XP percentage of total XP
 D = Spawn monster count
 E = Non-spawn monster count
 F = Spawn count percentage of total count
 G = Total turns spent on level
                    A         B        C        D         E        F      G
               +---------+---------+-------+---------+---------+-------+---------
         Total |       0 |    3483 |   0.0 |       0 |     137 |   0.0 |  5516
               +---------+---------+-------+---------+---------+-------+---------
           D:1 |       0 |      54 |   0.0 |       0 |      27 |   0.0 |   757
           D:2 |       0 |     102 |   0.0 |       0 |      20 |   0.0 |   874
           D:3 |       0 |     138 |   0.0 |       0 |      28 |   0.0 |   974
           D:4 |       0 |     990 |   0.0 |       0 |      22 |   0.0 |   988
           D:5 |       0 |     318 |   0.0 |       0 |      10 |   0.0 |   884
           D:6 |       0 |    1358 |   0.0 |       0 |      14 |   0.0 |   860
           D:7 |       0 |     523 |   0.0 |       0 |      16 |   0.0 |   179
               +---------+---------+-------+---------+---------+-------+---------
